 Dungeon Crawl Stone Soup version 0.30-a0-711-gf4ac18a38d (webtiles) character file.

Game seed: 1152141580569535490

23 Khajeetofwinds the Ducker (level 2, 0/11 HPs)
             Began as a Felid Venom Mage on Jan 23, 2023.
             Succumbed to an adder's poison
             ... on level 2 of the Dungeon.
             The game lasted 00:20:03 (637 turns).

Khajeetofwinds the Ducker (Felid Venom Mage)         Turns: 637, Time: 00:20:04

Health: 0/11       AC:  1    Str:  4    XL:     2   Next: 75%
Magic:  4/6        EV: 18    Int: 16    God:
Gold:   62         SH:  0    Dex: 16    Spells: 4/5 levels left
                                        Lives:  0   Deaths: 0

rFire   . . .      SeeInvis +    (weapon unavailable)
rCold   . . .      Faith    .    (shield unavailable)
rNeg    . . .      Spirit   .    (body armour unavailable)
rPois   .          Reflect  .    (helmet unavailable)
rElec   .          Harm     .    (cloak unavailable)
rCorr   .          Rampage  .    (gloves unavailable)
Will    .....                    (boots unavailable)
Stlth   ++                       (no amulet)
HPRegen 0.21/turn                (no ring)
MPRegen 0.10/turn                (no ring)

@: lethally poisoned (0 -> -4), quick
A: very small, claws 1, fangs 3, see invisible, speed 1, shaggy fur 1, stealthy
paws, no weapons or thrown items, no armour, multi-lived
a: no special abilities


You were on level 2 of the Dungeon.
You visited 1 branch of the dungeon, and saw 2 of its levels.

You collected 62 gold pieces.

Inventory:

Hand Weapons
 a - a +0 sling
 c - a +0 club
 i - a +0 falchion of freezing
Missiles
 f - 13 stones
Armour
 b - a +1 chain mail
 d - a +0 cloak
 e - a +0 robe
Scrolls
 g - a scroll of noise {unknown}
Potions
 h - a potion of might {unknown}


   Skills:
 + Level 3.3 Dodging
 + Level 3.0 Stealth
 + Level 2.4 Spellcasting
 + Level 1.6 Transmutations
 + Level 2.8 Poison Magic


You had 4 spell levels left.
You knew the following spells:

 Your Spells              Type           Power      Damage    Failure   Level
a - Sting                 Tmut/Pois      36%        1d4       9%          1

Your spell library contained the following spells:

 Spells                   Type           Power      Damage    Failure   Level
 Poisonous Vapours        Pois/Air       12%        N/A       17%         2
 Mephitic Cloud           Conj/Pois/Air  4%         N/A       38%         3
 Olgreb's Toxic Radiance  Pois           10%        N/A       52%         4


Dungeon Overview and Level Annotations

Branches:
Dungeon (2/15)

Altars:


Innate Abilities, Weirdness & Mutations

You have sharp claws.
You have razor-sharp teeth.
You have supernaturally acute eyesight. (SInv)
You cover ground quickly. (Speed+)
You are covered in fur. (AC +1)
Your paws help you pounce on unaware monsters.
You are incapable of wielding weapons or throwing items.
You cannot wear armour.
You gain extra lives every three experience levels.


Message History

Attack: -) Teeth and claws
Press: ? - help, Dir - move target, f/p - adder
Aim: an adder (heavily wounded, very poisoned, about 56% to evade your paws)
You scratch the adder but do no damage.
The adder is heavily wounded.
The adder bites you.
Unknown command.
Attack: -) Teeth and claws
Press: ? - help, Dir - move target, f/p - adder
Aim: an adder (heavily wounded, very poisoned, about 56% to evade your paws)
You barely miss the adder.
The adder is heavily wounded.
The adder bites you.
You are poisoned.
The adder poisons you! The adder bites you.
You are more poisoned.
The adder poisons you!
Unknown command.
Attack: -) Teeth and claws
Press: ? - help, Dir - move target, f/p - adder
Aim: an adder (severely wounded, very poisoned, about 56% to evade your paws)
You closely miss the adder.
The adder is severely wounded.
* * * LOW HITPOINT WARNING * * *
You feel sick. The adder closely misses you.
Unknown command.
Attack: -) Teeth and claws
Press: ? - help, Dir - move target, f/p - adder
Aim: an adder (almost dead, very poisoned, about 56% to evade your paws)
You barely miss the adder.
The adder is almost dead.
* * * LOW HITPOINT WARNING * * *
You feel sick. The adder barely misses you.
Unknown command.
Attack: -) Teeth and claws
Press: ? - help, Dir - move target, f/p - adder
Aim: an adder (almost dead, very poisoned, about 56% to evade your paws)
You scratch the adder.
The adder is almost dead.
You die...

########## #........#
#........# ### #........#
#... #........## ####
###...##.........# ##....
......#..........###.....
##?................†....
#.....S@.......#..######
......#.........##.#
......#..#########.######
..... ##..# #..<...#
...r. ##.# ###....# ....
.. #....# . .## .....# .#
#....# .# #....#


You could see an adder (very poisoned).

Vanquished Creatures
  An adder (D:2)
  2 endoplasms (D:1)
  2 goblins (D:1)
  3 hobgoblins
  A quokka (D:1)
  A bat (D:2)
  2 frilled lizards (D:1)
  A rat (D:1)
13 creatures vanquished.

Notes
Turn   | Place    | Note
-------+----------+-------------------------------------------
     0 | D:1      | Khajeetofwinds the Felid Venom Mage began the quest for the
                  | Orb.
     0 | D:1      | Reached XP level 1. HP: 7/7 MP: 4/4
   312 | D:1      | Reached XP level 2. HP: 11/11 MP: 4/6
   637 | D:2      | Succumbed to an adder's poison

Illustrated notes

Levels and vault maps discovered:
D:1:      dpeg_arrival_lava_altar, layout_loops_cross
D:2:      layout_rooms, serial_shops, shop, hangedman_decor_clover_reticule,
          minmay_tromino_v2

Skill      XL: |  1  2 |
---------------+-------+-----
Dodging        | 3 |  3.3
Stealth        | 3 |  3.0
Spellcasting   | |  2.4
Transmutations | |  1.6
Poison Magic   | |  2.8

Action                     || total
---------------------------++-------
  Melee: Unarmed           ||    17
         Bite              ||     3
   Cast: Sting             ||    24
    Use: Scroll            ||     2
         Potion            ||     1
   Stab: Sleeping          ||     1
  Dodge: Dodged            ||    27

Table legend: (Time is in decaauts)
 A = Elapsed time spent in this place.
 B = Non-inter-level travel time spent in this place.
 C = Inter-level travel time spent in this place.
 D = Time resting spent in this place.
 E = Time spent auto-exploring this place.
 F = Levels seen in this place.
 G = Mean time per level.
                   A        B        C        D        E       F      G
               +--------+--------+--------+--------+--------+-----+--------+
         Total |    549 |    549 |      0 |      0 |     59 |   2 |  274.5 |
       Dungeon |    549 |    549 |      0 |      0 |     59 |   2 |  274.5 |
               +--------+--------+--------+--------+--------+-----+--------+

Top non-repeatable levels by time:
     D:1: 431 daAuts
     D:2: 118 daAuts
